cohdb
Replays
Latest Replays
All Replays
Popular Replays
Top Player Replays
Match Explorer
How It Works
Community
CoH3 Stats
Reddit
Sign in to upload your games and track your stats! →
Sign in with Steam
Match 42923495
Unlisted
Match 42923495
Overview
Messages
Build Orders
End
Kettenkrad Recon Vehicle
Construct Infanterie Kompanie
Selects Mechanized Battlegroup
Grenadier Squad
Grenadier Squad
Grenadier Squad
MG 42 Machine Gun Team
Construct Luftwaffe Kompanie
Medical Bunker
Jäger Squad
Selects Mobile Repair Stations
221 Scout Car
Selects Raid Package
GrW 34 Mortar Team
Construct Panzer Kompanie
Selects 8 Rad Armored Car
Selects UNKNOWN (2160084)
Panther Heavy Tank
8 Rad Armored Car
Panzer Officer Quarters
Luftwaffe Officer Quarters
Infanterie Officer Quarters
Selects Wespe Self-propelled Artillery
Wespe Self-propelled Artillery
Jaliteng
matrix4x4
0
0
Comments
sign in to comment!
No comments posted yet!